 Dungeon Crawl Stone Soup version 0.24-a0-19-g0b81bb8 (webtiles) character file.

Game seed: 9718280174026825477

210 DrEnzyme the Chopper (level 5, -1/47 HPs)
             Began as a Draconian Wanderer on Feb 1, 2019.
             Slain by a worker ant (6 damage)
             ... on level 3 of the Dungeon.
             The game lasted 00:10:53 (3032 turns).

DrEnzyme the Chopper (Draconian Wanderer)           Turns: 3032, Time: 00:10:54

Health: -1/47      AC:  6    Str: 18    XL:     5   Next: 57%
Magic:  8/8        EV: 11    Int: 10    God:
Gold:   102        SH:  0    Dex: 15    Spells: 8/8 levels left

rFire    . . .     SeeInvis .   a - +0 hand axe
rCold    . . .     Gourm    .   (no shield)
rNeg     . . .     Faith    .   (armour unavailable)
rPois    .         Spirit   .   (helmet restricted)
rElec    .         Reflect  .   v - +0 cloak (curse)
rCorr    .         Harm     .   (no gloves)
MR       .....                  (no boots)
Stlth    +.........             (no amulet)
HPRegen  0.15/turn              (no ring)
MPRegen  0.11/turn              (no ring)

@: mighty, lethally poisoned (-1 -> -20)
A: unfitting armour, cold-blooded, AC +5
a: no special abilities


You were on level 3 of the Dungeon.
You were not hungry.

You visited 1 branch of the dungeon, and saw 3 of its levels.

You collected 102 gold pieces.

Inventory:

Hand Weapons
 a - a +0 hand axe (weapon)
 b - a +0 shortbow
 h - a +2 dagger of holy wrath
Missiles
 c - 24 arrows
 e - 133 stones
 g - 7 javelins (quivered)
Armour
 d - a +0 shield
 v - a cursed +0 cloak (worn)
Jewellery
 j - an uncursed ring of wizardry {unknown}
 m - an uncursed ring of positive energy
 n - an uncursed ring of positive energy
Scrolls
 i - 2 scrolls of identify
 l - a scroll of immolation {unknown}
 p - a scroll of remove curse {unknown}
 s - a scroll of blinking {unknown}
 u - a scroll of magic mapping {unknown}
Potions
 k - a potion of curing {unknown}
 o - a potion of might
 q - a potion of degeneration {unknown}
 r - 2 potions of lignification {unknown}
 t - a potion of flight {unknown}
Comestibles
 f - 5 rations


   Skills:
 + Level 4.5 Fighting
 + Level 4.7 Axes
 + Level 0.8 Dodging
 - Level 2.0 Shields
 - Level 2.3 Spellcasting
   Level 1.0 Transmutations


You had 8 spell levels left.
You didn't know any spells.
Your spell library was empty.

Dungeon Overview and Level Annotations

Branches:
Dungeon (3/15)

Altars:
The Shining One

Annotations:
D:1 exclusion: downstairs


Innate Abilities, Weirdness & Mutations

Your plain brown scales are hard. (AC +5)
You cannot fit into any form of body armour.
You are cold-blooded and may be slowed by cold attacks.


Message History

You feel sick.
The worker ant bites you but does no damage. x2
You hit the worker ant.
The worker ant is moderately wounded.
* * * LOW HITPOINT WARNING * * *
You feel sick.
The worker ant waves its antennae.
The worker ant closely misses you.
You slash the worker ant!
The worker ant is severely wounded.
* * * LOW HITPOINT WARNING * * *
You feel sick. The worker ant bites you.
* * * LOW HITPOINT WARNING * * *
You are more poisoned.
The worker ant poisons you!
You barely miss the worker ant.
The worker ant is severely wounded.
* * * LOW HITPOINT WARNING * * *
You feel sick. The worker ant barely misses you. The worker ant bites you.
You die...

## ... ...########
..........#
..........#######
................#####
................@a..+
..#....##..†...#####
#....##......#
#....##......#
#....#########
####....# ........#
....###.# ######.#
....# #.# #......#


You could see a worker ant.

Vanquished Creatures
  4 gnolls (D:3)
  6 adders
  An ooze (D:2)
  An adder skeleton (D:2)
  A worm (D:2)
  7 dart slugs
  4 leopard geckos
  An orc (D:2)
  4 bats
  4 giant cockroaches
  11 goblins
  13 hobgoblins
  10 jackals
  3 frilled lizards
  A jackal skeleton (D:3)
  9 kobolds
  11 rats
91 creatures vanquished.

Notes
Turn   | Place    | Note
-------+----------+-------------------------------------------
     0 | D:1      | DrEnzyme the Draconian Wanderer began the quest for the
                  | Orb.
     0 | D:1      | DrEnzyme set off with the following items: a +0 shield, a
                  | +0 shortbow, 24 arrows, a +0 hand axe, a ration
     0 | D:1      | Reached XP level 1. HP: 19/19 MP: 3/3
   485 | D:1      | Reached XP level 2. HP: 23/26 MP: 5/5
   880 | D:1      | Reached XP level 3. HP: 27/33 MP: 6/6
  1730 | D:2      | Reached XP level 4. HP: 40/40 MP: 7/7
  2261 | D:2      | Found a glowing golden altar of the Shining One.
  2465 | D:2      | Reached XP level 5. HP: 39/47 MP: 8/8
  3032 | D:3      | Slain by a worker ant

Vault maps used:
D:1:      dpeg_arrival_morbid_curiosity
D:2:      marbit_many_paths, minmay_joined_circles
D:3:      first_ration, uniq_jessica

Skill      XL: |  1  2  3  4 |
---------------+-------------+-----
Fighting       | 4 |  4.5
Axes           | 3 4 |  4.7
Dodging        | |  0.8
Shields        | |  2.0
Spellcasting   | |  2.3
Transmutations | |  1.0

Action                   |  1- 3 |  4- 6 || total
-------------------------+-------+-------++-------
Melee: Hand axe          |   122 |   156 ||   278
       Tailslap          |    10 |    17 ||    27
 Fire: Shortbow          |     3 |       ||     3
Throw: Javelin           |     2 |     7 ||     9
  Use: Scroll            |       |     1 ||     1
       Potion            |       |     1 ||     1
 Stab: Sleeping          |     3 |     3 ||     6
  Eat: Chunk             |     3 |     4 ||     7
Armor: Skin              |    37 |    51 ||    88
Dodge: Dodged            |    80 |   109 ||   189

Table legend:
 A = Non-vault XP
 B = Vault XP
 C = Vault XP percentage of total XP
 D = Non-vault monster count
 E = Vault monster count
 F = Vault count percentage of total count
                 A         B        C        D         E       F
            +---------+---------+-------+---------+---------+-------
      Total |     248 |      53 |  17.6 |      73 |      18 |  19.8
            +---------+---------+-------+---------+---------+-------
        D:1 |      56 |       9 |  13.8 |      27 |       5 |  15.6
        D:2 |      99 |      44 |  30.8 |      28 |      13 |  31.7
        D:3 |      93 |       0 |   0.0 |      18 |       0 |   0.0
            +---------+---------+-------+---------+---------+-------
